Map: Ruins of Endion

Players

Jeradooka

  • Race: Protoss Protoss
  • League: Silver

ChewBox - Winner!

  • Race: Terran Terran
  • League: Silver

VOD

https://youtu.be/l3wgi_pFJJk

Description

Legendary sucky SC2 player Val Kitty (Editor of https://www.chewbox.com) takes on a Protos player in 1 vs 1 in Legacy of the Void online match.

Time

  • Played on: May 12, 2016, 11:05 p.m.
  • Length: 29:04
Show
View Real Time Build Order
Export as new Build Order

Jeradooka Protoss 

Build Orders:  

Get SALT Encoding   

  12  0:01  Probe (Chrono Boost)  
  13  0:16  Pylon  
  13  0:18  Probe (Chrono Boost)  
  14  0:29  Probe (Chrono Boost)  
  15  0:37  Gateway  
  15  0:40  Probe (Chrono Boost)  
  16  0:53  Forge  
  16  0:55  Probe (Chrono Boost)  
  17  1:07  Probe (Chrono Boost)  
  17  1:08  Pylon  
  18  1:12  Assimilator  
  18  1:22  Probe (Chrono Boost)  
  19  1:27  Cybernetics Core  
  19  1:35  Zealot (Chrono Boost)  
  21  1:46  Pylon  
  21  2:04  Zealot (Chrono Boost)  
  23  2:15  Photon Cannon  
  23  2:27  Photon Cannon  
  23  2:32  Pylon  
  23  2:35  Photon Cannon  
  23  2:58  Photon Cannon  
  23  3:30  Warp Gate (Chrono Boost)  
  23  3:37  Gateway, Probe  
  23  3:40  Assimilator  
  24  3:49  Probe  
  21  3:57  Zealot (Chrono Boost)  
  21  4:01  Probe  
  24  4:05  Photon Cannon  
  24  4:13  Gateway  
  24  4:27  Stalker (Chrono Boost), Stargate  
  24  4:29  Stalker (Chrono Boost)  
  28  4:37  Protoss Ground Weapons Level 1  
  28  4:58  Stalker x2  
  32  5:10  Nexus  
  32  5:12  Pylon  
  32  5:16  Photon Cannon  
  32  5:21  Oracle  
  35  5:50  Probe  
  35  5:54  Zealot  
  38  6:00  Pylon  
  38  6:02  Probe  
  38  6:03  Pylon  
  39  6:18  Probe  
  40  6:19  Stalker  
  40  6:21  Adept  
  41  6:35  Probe  
  42  6:43  Void Ray  
  42  6:46  Probe x2  
  47  6:49  Stalker  
  47  6:50  Zealot  
  52  6:56  Probe  
  52  6:58  Probe  
  54  7:02  Stargate  
  54  7:10  Assimilator  
  54  7:20  Photon Cannon  
  54  7:23  Photon Cannon  
  54  7:25  Photon Cannon  
  54  7:35  Probe  
  54  7:40  Assimilator  
  54  7:42  Probe  
  56  7:44  Void Ray  
  56  7:50  Zealot  
  62  8:01  Pylon  
  62  8:25  Protoss Air Armor Level 1 (Chrono Boost), Protoss Shields Level 1  
  62  8:29  Adept  
  62  8:30  Adept  
  70  8:35  Void Ray (Chrono Boost)  
  70  8:57  Pylon  
  70  8:58  Void Ray (Chrono Boost)  
  70  9:02  Probe x2  
  75  9:07  Stalker  
  78  9:13  Probe  
  78  9:16  Pylon  
  79  9:31  Twilight Council  
  79  9:35  Pylon  
  79  9:39  Pylon  
  79  9:43  Pylon  
  79  9:50  Nexus  
  79  9:58  Zealot  
  81  10:04  Void Ray (Chrono Boost)  
  85  10:11  Photon Cannon  
  85  10:28  Photon Cannon  
  85  10:30  Photon Cannon  
  85  10:32  Pylon  
  85  10:35  Stalker  
  85  10:42  Protoss Air Weapons Level 1  
  87  10:46  Protoss Ground Weapons Level 2  
  87  10:55  Charge (Chrono Boost)  
  87  11:00  Probe  
  88  11:11  Void Ray (Chrono Boost)  
  92  11:20  Probe  
  93  11:29  Probe x2  
  93  11:31  Probe  
  95  11:36  Assimilator  
  95  11:39  Probe  
  96  11:41  Probe  
  96  11:42  Probe  
  99  11:50  Probe  
  99  11:52  Void Ray (Chrono Boost)  
  104  12:00  Probe  
  105  12:10  Fleet Beacon  
  105  12:11  Probe  
  105  12:14  Templar Archives  
  106  12:19  Dark Shrine  
  106  12:27  Void Ray (Chrono Boost)  
  110  12:33  Mothership Core  
  112  12:42  Probe  
  113  12:47  Assimilator  
  113  12:50  Zealot  
  115  12:52  Probe  
  115  12:53  Resonating Glaives  
  120  13:01  Void Ray (Chrono Boost)  
  120  13:03  Probe  
  131  13:05  Void Ray (Chrono Boost)  
  131  13:10  High Templar  
  133  13:34  Photon Cannon, High Templar  
  139  13:44  Pylon  
  139  13:45  Void Ray (Chrono Boost)  
  139  13:48  Pylon  
  139  13:51  Pylon  
  139  13:54  Photon Cannon  
  139  13:56  High Templar  
  139  13:59  Photon Cannon  
  139  14:02  Gateway  
  141  14:06  Gateway  
  141  14:10  Pylon  
  141  14:12  Photon Cannon  
  141  14:13  Photon Cannon  
  141  14:15  Dark Templar  
  143  14:22  Protoss Ground Weapons Level 3 (Chrono Boost)  
  143  14:27  Psionic Storm  
  143  14:33  Void Ray  
  147  14:39  High Templar  
  149  14:52  High Templar  
  151  15:05  High Templar  
  153  15:11  Void Ray  
  157  15:20  Robotics Facility  
  157  15:24  Photon Cannon  
  157  15:26  Photon Cannon  
  157  15:39  Void Ray  
  157  15:42  Protoss Air Weapons Level 2 (Chrono Boost)  
  161  16:05  High Templar  
  161  16:06  High Templar  
  161  16:09  Observer  
  166  16:11  Void Ray  
  166  16:13  Pylon  
  166  16:14  Nexus, Pylon  
  166  16:16  Pylon  
  166  16:17  Pylon  
  170  16:37  High Templar  
  170  16:38  High Templar  
  174  16:41  Protoss Shields Level 2  
  100  17:26  Probe  
  101  17:32  Stalker  
  101  17:33  Stalker  
  101  17:34  Stalker  
  101  17:36  Probe  
  97  17:38  Phoenix x2  
  97  17:40  Immortal  
  106  17:47  Probe  
  106  17:48  Photon Cannon  
  106  17:49  Photon Cannon  
  106  17:50  Photon Cannon  
  106  17:53  Photon Cannon  
  106  17:57  Probe  
  105  18:04  Archon  
  106  18:08  Probe  
  106  18:12  Phoenix x2  
  111  18:21  Assimilator  
  111  18:29  Dark Templar  
  111  18:33  Zealot  
  115  18:37  Observer  
  113  19:53  Dark Templar  
  113  19:54  Dark Templar  
  117  20:04  Mothership Core  
  105  20:32  Phoenix x2  
  109  20:51  Assimilator  
  109  20:56  Assimilator  
  109  20:57  Assimilator, Phoenix  
  111  21:02  Nexus  
  111  21:09  Zealot  
  111  21:10  Zealot x2  
  117  21:28  Phoenix  
  119  21:36  Zealot  
  29  23:15  Stalker  
  29  23:16  Stalker  
  29  23:17  Stalker  
  35  23:20  Phoenix  
  35  23:53  Phoenix  
  35  23:54  Phoenix  
  35  24:34  Pylon  
  35  24:39  Pylon  
  35  24:43  Probe  
  36  24:51  Stalker  
  36  24:52  Zealot  
  40  24:53  Probe, Zealot  
  43  25:03  Phoenix  
  43  25:05  Phoenix  
  47  25:18  Photon Cannon  
  47  25:27  Stalker  
  49  25:47  Pylon  
  49  25:54  Phoenix  
  49  25:55  Phoenix  
  46  26:05  Photon Cannon  
Show
View Real Time Build Order
Export as new Build Order

ChewBox Terran - Winner!

Build Orders:  

Get SALT Encoding   

  12  0:02  SCV  
  13  0:16  Supply Depot  
  13  0:20  SCV  
  14  0:32  SCV  
  14  0:33  Refinery  
  15  0:43  Supply Depot  
  15  0:51  Supply Depot  
  15  0:52  SCV  
  16  1:12  Barracks, SCV  
  17  1:24  SCV  
  18  1:31  Refinery  
  18  1:40  SCV  
  18  1:41  Engineering Bay  
  19  2:00  Marine  
  20  2:04  Factory  
  20  2:06  SCV  
  21  2:18  Marine, SCV  
  23  2:36  Marine  
  24  2:41  Bunker  
  24  2:58  Factory Tech Lab  
  24  3:00  Marine  
  24  3:18  Marine  
  25  3:34  Supply Depot  
  25  3:36  Supply Depot  
  25  3:41  Supply Depot  
  24  3:55  Marine  
  21  3:57  Siege Tank  
  21  3:58  Orbital Command  
  25  4:05  Supply Depot  
  26  4:18  Barracks Reactor  
  25  4:30  Siege Tank  
  28  4:34  Missile Turret  
  28  4:43  SCV  
  29  4:54  Missile Turret  
  29  4:55  SCV  
  29  4:56  Missile Turret  
  29  4:57  Marine x2  
  32  5:00  Missile Turret  
  32  5:07  SCV  
  33  5:15  Marine x2  
  33  5:19  SCV  
  36  5:26  Widow Mine  
  37  5:32  Marine  
  37  5:33  Marine  
  39  5:50  Marine x2  
  39  5:55  Starport, Widow Mine  
  43  6:00  Starport  
  43  6:02  Missile Turret  
  43  6:08  Marine x2  
  45  6:26  Marine x2  
  45  6:27  Supply Depot  
  45  6:29  Hi-Sec Auto Tracking  
  45  6:30  Missile Turret  
  46  6:44  Marine  
  47  7:04  Supply Depot  
  47  7:08  Command Center  
  47  7:11  Starport Tech Lab  
  47  7:17  Starport Tech Lab  
  47  7:24  Marine  
  47  7:25  Marine  
  49  7:35  Building Armor  
  49  7:48  Marine x2  
  51  8:06  Marine x2  
  41  8:17  Viking  
  41  8:18  Viking  
  41  8:33  Starport  
  41  8:38  Missile Turret  
  41  8:39  Factory Reactor  
  41  8:50  Orbital Command  
  41  8:59  Viking  
  43  9:04  Missile Turret, SCV  
  44  9:16  SCV  
  45  9:24  Missile Turret  
  45  9:25  Widow Mine x2  
  49  9:32  SCV x2  
  51  9:42  Supply Depot  
  51  9:48  SCV  
  51  9:51  Viking  
  54  9:54  Widow Mine x2  
  58  10:00  Armory  
  58  10:08  Missile Turret  
  56  10:22  Widow Mine x2  
  56  10:24  Banshee x2  
  56  10:25  Banshee  
  68  10:28  Missile Turret  
  68  10:30  Cloaking Field  
  68  10:37  SCV x2  
  70  10:49  SCV x2  
  72  10:54  Missile Turret  
  72  11:01  SCV  
  72  11:04  Marine x2  
  73  11:07  Viking  
  77  11:11  Viking  
  77  11:14  Missile Turret  
  77  11:16  Viking  
  77  11:18  SCV  
  82  11:19  SCV  
  82  11:22  Marine x2  
  85  11:28  Missile Turret  
  85  11:31  Sensor Tower  
  85  11:39  Marine  
  85  11:41  Sensor Tower  
  85  11:42  Refinery  
  85  11:43  Refinery  
  86  11:47  Supply Depot  
  86  11:50  Supply Depot  
  86  11:55  Supply Depot  
  86  12:01  Terran Ship Weapons Level 1  
  86  12:09  Marine x2  
  86  12:10  Banshee  
  86  12:11  Banshee  
  94  12:18  Supply Depot  
  94  12:28  Missile Turret  
  94  12:33  SCV x2  
  96  12:44  Viking  
  98  12:45  SCV  
  99  12:53  Banshee  
  102  12:59  Missile Turret  
  102  13:01  Missile Turret  
  102  13:24  Missile Turret  
  102  13:29  Viking x2  
  106  13:36  Banshee  
  109  13:44  Starport  
  109  13:54  Widow Mine  
  111  13:56  Widow Mine  
  111  13:58  Banshee  
  111  14:00  Missile Turret  
  116  14:06  Banshee, Supply Depot  
  119  14:13  Terran Vehicle And Ship Armor Level 1  
  119  14:21  Missile Turret  
  119  14:25  Fusion Core  
  119  14:34  Widow Mine x2  
  123  14:48  Factory  
  123  15:02  Widow Mine x2  
  127  15:07  Starport Reactor  
  127  15:12  Hyperflight Rotors  
  127  15:32  Viking x3  
  131  15:56  Widow Mine x2  
  135  16:00  Viking  
  137  16:07  Terran Ship Weapons Level 2  
  137  16:24  Widow Mine  
  137  16:25  Widow Mine  
  141  16:27  Viking x3  
  147  16:53  Command Center  
  144  17:33  SCV x2  
  146  17:45  SCV x2  
  148  17:57  SCV x2  
  150  18:06  Banshee x3  
  150  18:12  SCV  
  160  18:13  SCV  
  161  18:27  Missile Turret  
  161  18:34  Orbital Command  
  161  18:40  Widow Mine  
  163  18:43  Missile Turret  
  163  19:25  Banshee  
  163  19:26  Banshee  
  139  20:30  Battlecruiser x3  
  157  20:47  Refinery  
  157  20:49  Refinery  
  157  20:51  Command Center  
  157  20:52  Viking x2  
  157  20:55  Widow Mine  
  163  21:27  Missile Turret  
  163  21:35  Widow Mine  
  165  21:40  Weapon Refit  
  165  21:48  Missile Turret  
  165  22:01  Supply Depot  
  164  22:02  Banshee x2, Widow Mine  
  164  22:04  Widow Mine  
  174  22:10  Missile Turret  
  170  22:23  Supply Depot  
  170  22:31  Missile Turret  
  160  22:47  Supply Depot  
  140  22:56  Battlecruiser x2  
  150  23:06  Banshee  
  153  23:17  Orbital Command  
  153  23:18  Refinery  
  153  23:37  Missile Turret  
  153  23:41  Refinery  
  150  23:49  Banshee  
  150  23:50  Viking x2  
  157  23:57  Missile Turret  
  157  24:00  Banshee, Battlecruiser  
  166  24:04  Terran Vehicle And Ship Armor Level 2  
  166  24:18  Missile Turret  
  166  24:38  Missile Turret  
  166  24:39  Viking x3  
  166  24:43  Viking  
  174  24:52  Marine x2  
  176  25:04  Viking  
  176  25:05  Factory Tech Lab  
  176  25:06  Missile Turret  
  178  25:09  Viking  
  178  25:10  Marine x2  
  178  25:14  Missile Turret  
  182  25:27  Missile Turret  
  182  25:28  Marine x2  
  183  25:29  Banshee x2  
  183  25:33  Hellion x2  
  183  25:34  Banshee  
  183  25:35  Missile Turret  
  193  25:46  Marine x2  
  193  25:49  Missile Turret  
  195  25:54  Hellion  
  195  25:55  Hellion  
  184  26:50  Viking  
  184  26:51  Viking x4  
  194  27:16  Command Center  
  194  27:20  Viking x2  
  194  27:21  Viking  
  194  28:29  Orbital Command  
Tags
 
Add a new tag
Caveats
  • Supply blocks, unpowered buildings, or Contaminate may cause inaccurate times.
  • Supply counts are checked every 10 seconds.